 Dungeon Crawl Stone Soup version 0.30-a0-6-g7c9e10e132 (webtiles) character file.

Game seed: 701355545729405346

9 fingers the Chopper (level 2, -8/27 HPs)
             Began as a Hill Orc Monk on Aug 22, 2022.
             Mangled by a gnoll
             ... wielding a +0 halberd
              (13 damage)
             ... on level 2 of the Dungeon.
             The game lasted 00:02:24 (808 turns).

fingers the Chopper (Hill Orc Monk)                  Turns: 808, Time: 00:02:25

Health: -8/27      AC:  3    Str: 13    XL:     2   Next: 16%
Magic:  2/2        EV: 12    Int: 10    God:
Gold:   65         SH:  0    Dex: 13    Spells: 1/1 levels left

rFire   . . .      SeeInvis .    a - +0 hand axe
rCold   . . .      Faith    .    (no shield)
rNeg    . . .      Spirit   .    b - +0 robe
rPois   .          Reflect  .    (no helmet)
rElec   .          Harm     .    (no cloak)
rCorr   .          Rampage  .    (no gloves)
Will    .....                    j - +0 pair of boots
Stlth   ++........               (no amulet)
HPRegen 0.09/turn                (no ring)
MPRegen 0.08/turn                (no ring)

@: no status effects
A: no striking features
a: no special abilities


You were on level 2 of the Dungeon.
You visited 1 branch of the dungeon, and saw 2 of its levels.

You collected 65 gold pieces.

Inventory:

Hand Weapons
 a - a +0 hand axe (weapon)
Armour
 b - a +0 robe (worn)
 j - a +0 pair of boots (worn)
Magical Staves
 k - a staff of earth
Scrolls
 f - a scroll of vulnerability {unknown}
 h - 2 scrolls of poison {unknown}
 l - a scroll of summoning {unknown}
Potions
 c - a potion of ambrosia
 d - a potion of cancellation {unknown}
 e - a potion of mutation {unknown}
 g - 2 potions of heal wounds {unknown}
 i - a potion of berserk rage {unknown}


   Skills:
 + Level 3.8 Fighting
 + Level 4.1 Axes
 + Level 2.5 Dodging
 + Level 1.7 Stealth
 * Level 0.2 Spellcasting


You had one spell level left.
You didn't know any spells.
Your spell library was empty.

Dungeon Overview and Level Annotations

Branches:
Dungeon (2/15)

Altars:
Trog


Message History

The hobgoblin is moderately wounded.
The hobgoblin hits you but does no damage.
The hobgoblin hits you.
You hit the hobgoblin.
You kill the hobgoblin!
Unknown command.
Found a stone staircase leading up.
You now have 51 gold pieces (gained 9).
You see here a staff of earth.
Found a scroll labelled OBEDISIZYO.
You see here a staff of earth.
k - a staff of earth
Found a stone staircase leading down.
You now have 65 gold pieces (gained 14).
A gnoll comes into view. It is wielding a +0 halberd.
You see here a scroll labelled OBEDISIZYO.
l - a scroll labelled OBEDISIZYO The gnoll shouts!
A gnoll comes into view. It is wielding a +0 spear.
A gnoll comes into view. It is wielding a +0 club.
The gnoll hits you but does no damage.
You hit the gnoll.
The gnoll is lightly wounded.
The gnoll hits you with a +0 halberd!
You hit the gnoll.
The gnoll is moderately wounded.
The gnoll hits you with a +0 halberd!
* * * LOW HITPOINT WARNING * * *
A gnoll comes into view. It is wielding a +0 flail.
You hit the gnoll.
The gnoll is heavily wounded.
The gnoll barely misses you.
The gnoll shouts!
You hit the gnoll but do no damage.
The gnoll is heavily wounded.
The gnoll barely misses you.
You hit the gnoll but do no damage.
The gnoll is heavily wounded.
The gnoll hits you with a +0 halberd!
You die...

####.......#....#
...<.............##
.........#...#.####
######.#............
#.###.###.#####
##.###.###.###
.#.#.............
..............###
#.######@###### #g#
#.# #.# #g# #.g ...
##.


You could see 3 gnolls.

Vanquished Creatures
  2 endoplasms (D:1)
  A giant cockroach (D:1)
  A hobgoblin (D:2)
  2 kobolds
  3 rats (D:1)
9 creatures vanquished.

Notes
Turn   | Place    | Note
-------+----------+-------------------------------------------
     0 | D:1      | fingers the Hill Orc Monk began the quest for the Orb.
     0 | D:1      | Reached XP level 1. HP: 19/19 MP: 1/1
   401 | D:1      | Reached XP level 2. HP: 27/27 MP: 2/2
   740 | D:2      | Found a bloodstained altar of Trog.
   808 | D:2      | Mangled by a gnoll

Illustrated notes

Levels and vault maps discovered:
D:1:      dpeg_arrival_renting, layout_basic
D:2:      layout_loops_ring, nicolae_ecumenical_snake_handling, basic_altar,
          uniq_sigmund

Action                   || total
-------------------------++-------
Melee: Hand axe          ||    28
 Stab: Sleeping          ||     1
Armor: Robe              ||     8
Dodge: Dodged            ||    15

Table legend: (Time is in decaauts)
 A = Elapsed time spent in this place.
 B = Non-inter-level travel time spent in this place.
 C = Inter-level travel time spent in this place.
 D = Time resting spent in this place.
 E = Time spent auto-exploring this place.
 F = Levels seen in this place.
 G = Mean time per level.
                   A        B        C        D        E       F      G
               +--------+--------+--------+--------+--------+-----+--------+
         Total |    811 |    795 |     16 |      0 |    587 |   2 |  405.5 |
       Dungeon |    811 |    795 |     16 |      0 |    587 |   2 |  405.5 |
               +--------+--------+--------+--------+--------+-----+--------+

Top non-repeatable levels by time:
     D:1: 731 daAuts
     D:2: 80 daAuts
